Map: Pillars of Gold LE

Players

HeroMarine

  • Race: Terran Terran
  • Spawn Location: 7:00

AGOElazer (Elazer) - Winner!

  • Race: Zerg Zerg
  • League: Grandmaster
  • Spawn Location: 1:00

Event: StayAtHome Story Cup #3

VOD

Have the link to the VOD?

Description

Time

  • Played on: March 11, 2021, 7:45 a.m.
  • Length: 10:04

All games in this series

Show
View Real Time Build Order
Export as new Build Order

HeroMarine Terran 

Build Orders: Reaper Expand 

Get SALT Encoding   

  12  0:00  SCV  
  13  0:12  SCV  
  14  0:18  Supply Depot  
  14  0:24  SCV  
  15  0:39  SCV  
  15  0:40  Barracks  
  16  0:45  Refinery  
  16  0:54  SCV  
  17  1:06  SCV  
  18  1:18  SCV  
  19  1:27  Reaper  
  19  1:30  Orbital Command  
  20  1:42  Command Center  
  20  1:51  Supply Depot  
  20  1:55  SCV  
  20  1:59  Marine  
  22  2:07  SCV  
  23  2:10  Factory  
  23  2:19  SCV  
  23  2:21  Barracks Reactor  
  24  2:31  SCV  
  25  2:43  SCV  
  26  2:45  Command Center  
  26  2:55  Orbital Command  
  26  2:56  SCV  
  27  3:04  Starport  
  27  3:08  SCV  
  27  3:09  Refinery  
  28  3:15  Hellion  
  32  3:20  SCV, Hellion  
  32  3:23  SCV  
  34  3:32  SCV  
  34  3:33  Barracks Tech Lab  
  35  3:35  SCV  
  35  3:37  Hellion  
  38  3:42  Hellion  
  38  3:44  SCV  
  38  3:47  SCV  
  42  3:56  SCV  
  42  3:57  Orbital Command  
  42  3:58  Raven  
  42  3:59  SCV  
  42  4:01  Hellion  
  48  4:03  Hellion  
  48  4:07  Barracks Tech Lab  
  48  4:08  Supply Depot  
  50  4:14  SCV x2  
  52  4:26  SCV x2, Barracks x2, Marine  
  52  4:30  Orbital Command, Factory Reactor  
  55  4:31  Stimpack  
  55  4:38  SCV x2  
  57  4:40  Supply Depot  
  57  4:44  Refinery, Marine  
  57  4:45  Refinery  
  58  4:50  SCV x2  
  58  4:52  Starport Reactor  
  60  4:55  Engineering Bay  
  60  4:58  SCV, Engineering Bay  
  61  5:01  Marine  
  61  5:02  SCV x2  
  64  5:10  SCV  
  64  5:13  Supply Depot  
  65  5:14  SCV x2  
  65  5:20  Marine  
  65  5:21  Marine x4  
  70  5:22  SCV  
  70  5:24  Terran Infantry Armor Level 1, Terran Infantry Weapons Level 1  
  70  5:26  SCV, Siege Tank  
  77  5:33  Supply Depot  
  77  5:35  SCV x2, Supply Depot  
  79  5:38  SCV, Marine x2  
  79  5:40  Marine x2  
  84  5:46  Medivac  
  84  5:47  SCV  
  84  5:48  SCV, Medivac  
  84  5:49  Marine  
  84  5:56  SCV  
  77  5:57  Marine  
  77  5:59  SCV  
  77  6:00  SCV, Marine  
  77  6:08  SCV  
  78  6:11  SCV  
  78  6:12  SCV, Siege Tank  
  78  6:17  Marine x2  
  78  6:18  Marine  
  86  6:19  Marine  
  86  6:20  SCV  
  86  6:21  Marine  
  86  6:24  SCV  
  86  6:25  SCV  
  91  6:28  Supply Depot  
  91  6:29  Medivac  
  91  6:30  Medivac  
  91  6:32  SCV  
  96  6:35  Bunker  
  96  6:36  SCV  
  96  6:37  SCV, Marine x2  
  96  6:38  Supply Depot  
  100  6:40  Marine  
  100  6:43  Combat Shield  
  101  6:47  Armory  
  101  6:49  Marine  
  101  6:50  SCV x2, Supply Depot  
  101  6:51  SCV  
  101  6:52  Marine  
  106  6:55  Marine  
  106  7:00  Siege Tank  
  110  7:03  Marine x2  
  110  7:07  SCV x2, Marine  
  110  7:08  SCV  
  116  7:10  Marine  
  116  7:13  Barracks x2, Marine  
  118  7:21  Marine x2  
  118  7:22  Medivac x2  
  122  7:25  Marine  
  122  7:28  Refinery  
  125  7:30  Marine x2  
  125  7:31  Supply Depot x2  
  130  7:37  Siege Tank  
  130  7:39  Marine x2  
  130  7:43  Marine  
  130  7:44  Terran Infantry Weapons Level 2  
  133  7:48  Marine x2  
  129  7:56  Medivac  
  129  7:57  Marine x2  
  131  8:00  Marine  
  131  8:04  Barracks Reactor, Factory, Command Center  
  132  8:06  Marine x2  
  132  8:07  Barracks Reactor  
  134  8:14  SCV x2  
  134  8:15  Marine x2  
  134  8:16  SCV  
  134  8:17  Barracks  
  134  8:18  Marine  
  140  8:24  Marine  
  126  8:28  Supply Depot  
  126  8:29  Marine  
  126  8:31  Siege Tank  
  126  8:32  Marine, Medivac  
  126  8:33  Marine  
  134  8:36  Marine  
  128  8:42  Marine x3  
  128  8:45  Marine x2  
  128  8:47  Marine  
  134  8:50  Marine x2  
  134  8:52  Factory Reactor  
  134  8:54  Marine  
  137  9:00  Marine x2  
  137  9:02  Medivac  
  141  9:04  Widow Mine, Barracks Tech Lab  
  141  9:07  Barracks x2  
  117  9:10  Marine x6  
  117  9:12  Command Center  
  120  9:17  Marine x2  
  120  9:24  Marine  
  120  9:28  Marine x6, Medivac  
  120  9:31  Widow Mine  
  130  9:32  Medivac  
  130  9:33  Widow Mine  
  130  9:35  Widow Mine  
  130  9:37  Marine  
  130  9:38  Marine  
  138  9:40  Marine  
  138  9:41  Marine  
  138  9:44  Refinery  
  140  9:46  Supply Depot  
  140  9:47  Supply Depot  
  140  9:50  Supply Depot  
Show
View Real Time Build Order
Export as new Build Order

AGOElazer Zerg - Winner!

Build Orders: Hatch First 

Get SALT Encoding   

  12  0:00  Drone  
  13  0:12  Overlord  
  13  0:17  Drone  
  14  0:31  Drone x2  
  16  0:49  Hatchery  
  15  0:52  Drone  
  15  0:56  Drone  
  17  0:59  Drone  
  18  1:09  Extractor  
  17  1:15  Spawning Pool  
  16  1:18  Drone  
  16  1:22  Drone  
  18  1:29  Drone  
  19  1:39  Drone  
  20  1:51  Overlord  
  20  2:01  Queen  
  20  2:02  Queen, Zergling x4  
  26  2:12  Drone x2  
  28  2:27  Drone x2  
  30  2:34  Hatchery  
  30  2:35  Drone  
  30  2:38  Drone  
  31  2:45  Queen  
  31  2:50  Metabolic Boost  
  33  2:57  Overlord  
  33  2:58  Drone  
  33  3:02  Drone x2  
  36  3:10  Overlord  
  36  3:16  Drone, Queen  
  36  3:18  Drone  
  36  3:19  Drone  
  41  3:23  Drone  
  42  3:33  Drone x3, Queen  
  47  3:37  Overlord  
  47  3:43  Drone x3  
  50  3:48  Queen  
  50  3:52  Drone x2  
  54  3:56  Drone x2  
  54  3:58  Drone x2  
  58  4:06  Zergling x8  
  58  4:09  Overlord  
  62  4:14  Drone  
  62  4:20  Drone x2  
  62  4:22  Drone  
  65  4:26  Overlord  
  65  4:32  Drone x5, Hatchery  
  65  4:35  Zergling x4  
  71  4:39  Zergling x2  
  71  4:43  Overlord  
  71  4:45  Drone  
  73  4:50  Drone x2  
  75  4:52  Baneling Nest  
  75  4:54  Drone x3  
  75  4:55  Drone  
  75  4:57  Spore Crawler x2  
  75  4:58  Drone  
  77  5:01  Overlord  
  77  5:02  Zergling x4  
  77  5:05  Drone x4  
  83  5:09  Extractor  
  83  5:11  Extractor  
  83  5:12  Evolution Chamber x2  
  79  5:15  Overlord  
  79  5:17  Zergling x4  
  79  5:19  Lair  
  79  5:21  Drone  
  82  5:24  Drone  
  82  5:25  Drone  
  82  5:27  Drone x2  
  86  5:33  Zergling x2  
  86  5:35  Zergling x8  
  91  5:39  Zerg Ground Armor Level 1  
  91  5:40  Extractor, Overlord  
  91  5:41  Extractor, Zerg Melee Weapons Level 1  
  89  5:43  Zergling x6  
  89  5:46  Zergling x4  
  92  5:50  Overlord  
  92  5:53  Zergling x2  
  93  5:59  Overlord  
  93  6:01  Drone x3  
  90  6:06  Drone x2  
  90  6:08  Drone  
  90  6:10  Drone x3  
  94  6:16  Hatchery  
  94  6:18  Queen x3  
  93  6:19  Queen  
  93  6:21  Centrifical Hooks  
  93  6:23  Overlord  
  93  6:24  Drone x2  
  93  6:25  Drone  
  104  6:28  Drone x2  
  106  6:33  Drone x5  
  112  6:40  Drone x8  
  112  6:44  Overlord  
  112  6:46  Baneling x3  
  119  6:52  Zergling x10  
  124  6:58  Pneumatized Carapace, Overlord  
  124  6:59  Burrow  
  124  7:00  Zergling x4  
  124  7:01  Zergling x4, Spore Crawler  
  125  7:02  Zergling x4  
  127  7:12  Overlord  
  127  7:14  Hatchery  
  126  7:15  Baneling  
  126  7:16  Baneling x8, Zergling x2  
  126  7:17  Zergling x8  
  126  7:20  Zergling x10  
  136  7:26  Overlord  
  136  7:29  Zergling x16  
  144  7:36  Overlord  
  144  7:40  Zergling x2  
  144  7:41  Zergling x16  
  149  7:50  Zergling x8  
  144  7:54  Zergling x4  
  144  8:00  Overlord  
  144  8:01  Zergling x10  
  149  8:06  Baneling x8  
  149  8:08  Overlord  
  149  8:09  Extractor, Infestation Pit  
  149  8:10  Hydralisk Den  
  149  8:11  Zergling x6  
  149  8:12  Zergling x2  
  149  8:18  Zergling x4  
  151  8:20  Baneling x15  
  151  8:25  Zergling x8  
  148  8:28  Baneling x9  
  148  8:32  Zergling x28  
  158  8:37  Zergling x8  
  158  8:38  Zergling x2  
  152  8:44  Zergling x8  
  152  8:45  Queen  
  152  8:47  Queen  
  159  8:49  Hive  
  159  8:56  Baneling x12  
  159  8:57  Baneling  
  159  9:02  Zergling x22  
  170  9:09  Zergling x8  
  162  9:12  Zergling x4  
  162  9:17  Lurker Den  
  162  9:19  Zergling x4  
  162  9:22  Zergling x2  
  162  9:23  Zergling x6  
  163  9:24  Baneling x7  
  163  9:25  Baneling  
  163  9:31  Drone x4  
  167  9:39  Drone x3  
  167  9:44  Drone x5  
  176  9:55  Spore Crawler  
Tags
 
Add a new tag
Caveats
  • Supply blocks, unpowered buildings, or Contaminate may cause inaccurate times.
  • Supply counts are checked every 10 seconds.